 Seeded DCSS version 0.30.1-9-gdf580d7c3d (webtiles) character file.

Game seed: 10807635437342793882 (custom seed)

70 Psyclone the Stinger (level 4, -4/24 HPs)
             Began as a Deep Elf Venom Mage on Sept 27, 2023.
             Splashed by a jelly's acid (8 damage)
             ... on level 3 of the Dungeon on Sept 28, 2023.
             The game lasted 00:09:27 (2842 turns).

Psyclone the Stinger (Deep Elf Venom Mage)          Turns: 2842, Time: 00:09:28

Health: -4/24      AC:  2    Str:  5    XL:     4   Next: 4%
Magic:  19/20      EV: 12    Int: 22    God:
Gold:   81         SH:  0    Dex: 15    Spells: 6/9 levels left

rFire   + . .        h - +0 dagger
rCold   . . .        (no shield)
rNeg    + . .        a - +0 robe
rPois   .            c - +1 helmet of Vyryebri {rF+ rN+ MP+9}
rElec   .            (no cloak)
rCorr   .            (no gloves)
SInv    .            d - +1 pair of boots {Fly}
Will    .....        (no amulet)
Stlth   ++           (no ring)
HPRegen 0.24/turn    (no ring)
MPRegen 0.17/turn

%: no passive effects
@: corroded, flying
A: high MP 1, wild magic 1, MP-powered wands
a: no special abilities


You were on level 3 of the Dungeon.
You visited 1 branch of the dungeon, and saw 3 of its levels.

You collected 81 gold pieces.

Inventory:

Hand Weapons
 h - a +0 dagger (weapon)
Armour
 a - a +0 robe (worn)
 c - the +1 helmet of Vyryebri (worn) {rF+ rN+ MP+9}
   (You acquired it on level 1 of the Dungeon)

   rF:        It protects you from fire.
   rN:        It protects you from negative energy.
   MP:        It affects your magic capacity (+9).
 d - a +1 pair of boots of flying (worn)
Wands
 l - a wand of acid (9)
Scrolls
 g - a scroll of teleportation
 i - a scroll of vulnerability {unknown}
 j - a scroll of poison {unknown}
Potions
 b - a potion of magic
 e - a potion of flight {unknown}
 f - a potion of invisibility {unknown}
 k - a potion of lignification
 m - a potion of cancellation {unknown}


   Skills:
 - Level 2.4 Dodging
 - Level 2.4 Stealth
 - Level 3.0 Spellcasting
 - Level 1.1 Transmutations
 + Level 5.4 Poison Magic


You had 6 spell levels left.
You knew the following spells:

 Your Spells              Type           Power      Damage    Failure   Level
a - Poisonous Vapours     Pois/Air       38%        N/A       10%         2
v - Sting                 Tmut/Pois      92%        1d7       5%          1

Your spell library contained the following spells:

 Spells                   Type           Power      Damage    Failure   Level
 Olgreb's Toxic Radiance  Pois           35%        N/A       19%         4
 Mephitic Cloud           Conj/Pois/Air  14%        N/A       26%         3


Dungeon Overview and Level Annotations

Branches:
Dungeon (3/15) Zot: 15152

Altars:

Shops:
D:2 :


Innate Abilities, Weirdness & Mutations

You have an increased reservoir of magic. (+10% MP)
Your spells are a little harder to cast, but a little more powerful.
You expend magic power (3 MP) to strengthen your wands.


Message History

You hit the quokka.
You kill the quokka!
There is an open door here.
You reach down and open the door.
There is an open door here.
A jelly comes into view.
Found 6 curare-tipped darts.
You see here 6 curare-tipped darts.
The helpless jelly fails to defend itself.
You puncture the jelly!
Your hands burn!
The jelly is heavily wounded.
The jelly closely misses you.
You take 3 damage, and have 21/24 hp.
Casting: Poisonous Vapours (safe; 10% risk of failure)
Confirm with . or Enter, or press ? or * to list all spells.
You can't see any susceptible monsters within range! (Use Z to cast anyway.) Unknown command.
You hit the jelly.
Your hands burn!
The jelly is severely wounded.
The jelly hits you. The acid corrodes you!
You are splashed with acid!
You take 12 damage, and have 9/24 hp.
MASSIVE DAMAGE!!
You hit the jelly but do no damage.
Your hands burn!
* * * LOW HITPOINT WARNING * * *
The jelly is severely wounded.
The jelly closely misses you.
You take 4 damage, and have 5/24 hp.
You completely miss the jelly.
The jelly is severely wounded.
The jelly barely misses you.
Casting: Poisonous Vapours (safe; 10% risk of failure)
Confirm with . or Enter, or press ? or * to list all spells.
Aiming: Sting (safe; 5% risk of failure)
Press: ? - help, Shift-Dir - straight line, f - jelly
Aim: a jelly (severely wounded, 100% to hit)
The sting hits the jelly.
The jelly partially resists.
The jelly is almost dead.
The jelly hits you.
* * * LOW HITPOINT WARNING * * *
You are splashed with acid!
You die...

######.....#.# #.##.##.#
#.##....#
######.....#########
...........'.†......
######.....#.<###### ###
#.....##### .### #...
######.....'..#J#...##..##
....##.....##.##@##.......
###.....#####.###(#...####..
####..#####.# ##.##.......
#........# ##.#...#
##.####..######.# ...
##.......#.# .#.#
########### .. ...


You could see a jelly.

Vanquished Creatures
  A gnoll (D:1)
  2 worms (D:2)
  A dart slug (D:2)
  7 endoplasms
  5 giant cockroaches
  6 goblins
  5 hobgoblins
  2 jackals (D:1)
  2 kobolds (D:2)
  3 quokkas
  4 ball pythons
  2 bats (D:2)
  A frilled lizard (D:1)
  4 rats
  A spectral goblin (D:1)
46 creatures vanquished.

Notes
Turn   | Place    | Note
-------+----------+-------------------------------------------
     0 | D:1      | Psyclone the Deep Elf Venom Mage began the quest for the
                  | Orb.
     0 | D:1      | Reached XP level 1. HP: 10/10 MP: 6/6
   289 | D:1      | Reached skill level 4 in Poison Magic
   289 | D:1      | Reached XP level 2. HP: 15/15 MP: 5/8
   295 | D:1      | Learned a level 2 spell: Poisonous Vapours
   601 | D:1      | Found a faded altar of an unknown god.
  1309 | D:1      | Gained mutation: You have an increased reservoir of magic.
                  | (+10% MP) [potion of mutation]
  1309 | D:1      | Gained mutation: You expend magic power (3 MP) to
                  | strengthen your wands. [potion of mutation]
  1309 | D:1      | Gained mutation: Your spells are a little harder to cast,
                  | but a little more powerful. [potion of mutation]
  1312 | D:1      | Identified 2 scrolls of acquirement
  1312 | D:1      | Acquired a +1 pair of boots of flying
  1313 | D:1      | Acquired the +1 helmet of Vyryebri {rF+ rN+ MP+9}
  1753 | D:2      | Reached XP level 3. HP: 18/18 MP: 10/10
  2075 | D:2      | Reached skill level 5 in Poison Magic
  2569 | D:2      | Found Zitt's Book Emporium.
  2677 | D:3      | Reached XP level 4. HP: 24/24 MP: 11/11
  2842 | D:3      | Splashed by a jelly's acid

Illustrated notes

Levels and vault maps discovered:
D:1:      mushboom_english_gardens, layout_basic,
          dreamdust_ecumenical_altar_drowned_temple
D:2:      layout_loops_ring, serial_shops, shop, minmay_pentomino_p4
D:3:      wad_crossroads, layout_basic, mainiacjoe_overflow_surrounded_room

Skill      XL: |  1  2  3 |
---------------+----------+-----
Poison Magic   | 4 5 |  5.4
Dodging        | |  2.4
Stealth        | |  2.4
Spellcasting   | |  3.0
Transmutations | |  1.1

Action                     |  1- 3 |  4- 6 || total
---------------------------+-------+-------++-------
  Melee: Dagger            |   113 |    10 ||   123
         Unarmed           |     1 |       ||     1
         Punch             |     1 |       ||     1
   Cast: Sting             |    12 |     1 ||    13
         Poisonous Vapours |    41 |       ||    41
    Use: Scroll            |     4 |       ||     4
         Potion            |     3 |       ||     3
   Stab: Sleeping          |     5 |     2 ||     7
 Armour: Robe              |    36 |     1 ||    37
  Dodge: Dodged            |    84 |     6 ||    90
